 Dungeon Crawl Stone Soup version 0.18-a0-1-gfac8111 (webtiles) character file.

177463 kae the Minotaur Blade (level 17, -3/228 HPs)
             Began as a Minotaur Fighter on Oct 29, 2015.
             Was a Priest of Qazlal.
             Slain by an alligator (11 damage)
             ... led by an alligator
             ... on level 4 of the Swamp on Oct 30, 2015.
             The game lasted 01:31:10 (36145 turns).

kae the Minotaur Blade (Minotaur Fighter)          Turns: 36145, Time: 01:31:10

Health: -3/228     AC: 28    Str: 37    XL:     17   Next: 54%
Magic:  19/25      EV:  2    Int:  7    God:    Qazlal [***...]
Gold:   3495       SH:  4    Dex: 14    Spells: 0 memorised, 16 levels left

rFire  . . .     SeeInvis +     s - +8 triple sword of the Hidden Spirits {freeze, Str+7}
rCold  . . .     Clarity  .     (armour currently unavailable)
rNeg   + + +     SustAt   .     (no shield)
rPois  +         Gourm    .     (helmet currently unavailable)
rElec  .         Spirit   .     (cloak currently unavailable)
rCorr  .         Warding  .     (gloves currently unavailable)
rMut   +         NoTele   +     (boots currently unavailable)
MR     +....                    L - amulet of Yqyig {rMut Str+3 Stlth+}
Stlth  ++........               v - ring of see invisible
                                N - +4 ring of strength

@: lethally poisoned (-3 -> -8), tree-form, grasped by roots, drained, very
slow, somewhat resistant to hostile enchantments, unstealthy
A: (retaliatory headbutt), (horns 0), rough black scales 1, strong 1, wild magic
1
a: Upheaval, Elemental Force, Renounce Religion


You were on level 4 of the Swamp.
You worshipped Qazlal.
Qazlal was most pleased with you.
You were not hungry.
You were a tree.
You visited 6 branches of the dungeon, and saw 33 of its levels.
You also visited: Bailey and Ice Cave.

You collected 4274 gold pieces.
You spent 779 gold pieces at shops.

Inventory:

Hand Weapons
 s - the +8 triple sword of the Hidden Spirits (weapon) {freeze, Str+7}
   (You acquired it on level 15 of the Dungeon)

   It has been specially enchanted to freeze those struck by it, causing extra
   injury to most foes and up to half again as much damage against particularly
   susceptible opponents.
   It can also slow down cold-blooded creatures.
   It affects your strength (+7).
 D - the +2 great sword of Givuh {distort, rF+ Str+7 Int-4 SInv}
   (You found it on level 6 of the Lair of Beasts)

   It warps and distorts space around it.
   Unwielding it can cause banishment or high damage.
   It affects your strength (+7).
   It affects your intelligence (-4).
   It protects you from fire.
   It lets you see invisible.
 I - the +1 scimitar "Osua" {venom, rC++ rN+ MP-9 Dex+3}
   (You bought it in a shop on level 4 of the Orcish Mines)

   It poisons the flesh of those it strikes.
   It affects your dexterity (+3).
   It greatly protects you from cold.
   It protects you from negative energy.
   It affects your magic capacity (-9).
Armour
 i - a +0 pair of boots (melded)
 z - a +1 pair of gloves (melded)
 H - a +0 buckler of protection
 O - a +1 cloak (melded)
 T - the +1 scale mail "Gasid" (melded) {rN+ Regen+ Dex+2 Stlth+}
   (You found it on level 2 of the Lair of Beasts)

   It affects your dexterity (+2).
   It protects you from negative energy.
   It increases your rate of regeneration.
   It makes you more stealthy.
Jewellery
 l - an uncursed ring of protection from fire
 v - a ring of see invisible (right branch)
 x - a +5 ring of intelligence
 J - a +5 ring of strength
 K - an uncursed amulet of rage
 L - the amulet of Yqyig (around neck) {rMut Str+3 Stlth+}
   (You found it on level 8 of the Dungeon)

   [amulet of resist mutation]

   It protects you from mutation.
   It affects your strength (+3).
   It makes you more stealthy.
 N - a +4 ring of strength (left branch)
 V - an uncursed amulet of guardian spirit {unknown}
Wands
 b - a wand of digging (8)
 k - a wand of invisibility (5)
 n - a wand of fireball (1)
 G - a wand of lightning (5)
 M - a wand of paralysis (8)
 S - a wand of slowing (24)
 Y - a wand of magic darts (24)
 Z - a wand of random effects (23)
Scrolls
 c - a scroll of torment
 e - a scroll of fog
 j - 8 scrolls of remove curse
 p - 6 scrolls of identify
 A - 2 scrolls of enchant weapon
 B - 2 scrolls of amnesia
 C - 3 scrolls of magic mapping
 Q - 4 scrolls of summoning
 R - a scroll of recharging
Potions
 d - a potion of cure mutation {unknown}
 g - 2 potions of berserk rage
 h - 4 potions of heal wounds
 m - 5 potions of ambrosia
 o - 3 potions of resistance
 q - 4 potions of agility
 t - 11 potions of flight
 u - 7 potions of curing
 w - 3 potions of haste
 E - 2 potions of cancellation
 P - 3 potions of might
 U - a potion of invisibility
Comestibles
 a - 3 beef jerkies
 f - 2 slices of pizza
 r - 18 royal jellies
 W - a bread ration


   Skills:
 - Level 14.1(13.1) Fighting
 + Level 24.8(23.6) Long Blades
 - Level 17.0(15.9) Armour
 - Level 3.6(2.8) Shields
 - Level 12.1(11.1) Invocations


You had 16 spell levels left.
You didn't know any spells.

Dungeon Overview and Level Annotations

Branches:
Dungeon (15/15)            Temple (1/1) D:5            Lair (8/8) D:9
  Swamp (4/4) Lair:6        Snake (0/4) Lair:6        Slime (0/6) Lair:6
    Orc (4/4) D:10            Elf (1/3) Orc:3        Vaults (0/5) D:14
 Depths (0/5) D:15

Altars:
Ashenzari
Cheibriados
Dithmenos
Elyvilon
Fedhas
Gozag
Kikubaaqudgha
Makhleb
Nemelex Xobeh
Okawaru
Qazlal
Ru
Sif Muna
Trog
Vehumet
Xom
Yredelemnul
Zin
The Shining One
Beogh
Jiyva

Shops:
D:4 [   D:6 (   Orc:1 %   Orc:4 [:*(   Elf:1 *

Annotations:
Lair:8 2 exclusions
Swamp:2 exclusion: Roxanne, Roxanne
Abyss:1 Azrael


Innate Abilities, Weirdness & Mutations

((You reflexively headbutt those who attack you in melee.))
((You have a pair of horns on your head.))
(You are partially covered in rough black scales (AC +4, Dex -1).)
Your muscles are strong. (Str +2)
Your spells are a little harder to cast, but a little more powerful.


Message History

The swamp dragon claws you but does no damage.
The swamp dragon tramples you but does no damage.
The shambling mangrove hits you.
* * * LOW HITPOINT WARNING * * *
Unknown command.
Unknown command.
Unknown command.
Unknown command.
Unknown command.
Unknown command.
Unknown command.
Unknown command.
Unknown command.
Unknown command.
Unknown command.
Okay, then.
Unknown command.
You can't see any clouds you can empower.
You feel sick. The alligator bites you!
You die...

≈.≈≈≈≈.♣.v.♣♣♣♣♣≈.##*,,.≈≈,*****,
.....≈♣♣.≈≈♣.≈...≈≈#♣*#.##*****,,
≈♣♣♣♣♣♣♣v.≈t≈≈..≈≈≈.##...≈***≈,≈,
..♣♣ ♣♣♣≈.≈≈..≈≈.....v..≈,,≈,,,
♣..♣ *♣......≈≈.D...≈≈≈≈,≈,,,
≈§≈♣ *♣§.♣§≈D....♣....≈,≈,,≈ .≈≈♣
♣≈t♣≈DDv..≈.≈..w≈≈≈**, ≈..♣
**♣≈vfvD..≈≈≈≈.≈*,,,*, ♣♣♣♣
*♣♣v♣D≈≈♣..≈♣.♣**,*,, **
♣..ttv.♣♣♣♣♣♣** ****, ≈*
*♣...v.♣♣** ** ♣♣ **♣§♣♣♣♣≈♣≈,***
* ≈♣* *****..,**≈..≈≈≈≈≈*** * .≈♣
*,,≈≈.≈,**≈≈≈≈≈≈≈≈,≈* * ≈.♣
*,,,.,,≈*≈≈≈≈≈≈≈≈≈≈,*** ≈≈**
**********,,.≈≈≈≈≈,,≈,* ,,,**
***≈,,≈≈,≈≈≈*****


You could see a shambling mangrove, 2 alligators, 2 five-headed hydras, a
four-headed hydra, 3 swamp dragons, a ghost crab and 7 insubstantial wisps.

Vanquished Creatures
  A sphinx (Elf:1)
  3 thorn hunters
  Kirke (D:14)
  A frost giant (IceCv)
  2 orc warlords
  Louise (Swamp:4)
  A deep elf annihilator (Elf:1)
  A yaktaur captain (D:15)
  A fire dragon (Elf:1)
  Erolcha (D:9)
  20 hydras
  Fannar (D:11)
  A vault guard (D:14)
  A hell beast (Elf:1)
  5 centaur warriors
  11 alligators
  Urug (Lair:1)
  Sonja (Lair:1)
  Nergalle (Lair:1)
  2 orc high priests
  4 unseen horrors
  2 deep elf knights (Elf:1)
  4 skeletal warriors (D:15)
  3 deep elf summoners (Elf:1)
  A swamp dragon (Swamp:3)
  2 shambling mangroves
  A wolf spider zombie (D:14)
  3 harpies (Elf:1)
  2 orc sorcerers
  10 hill giants
  5 cyclopes
  A manticore (Elf:1)
  An oklob plant (Lair:4)
  An ugly thing (D:11)
  5 deep elf conjurers (Elf:1)
  6 orc knights
  6 griffons
  8 black mambas
  18 elephants
  4 hornets
  Maurice (Orc:4)
  Joseph (Lair:1)
  An ice statue (IceCv)
  8 centaur skeletons
  2 gargoyles
  13 spiny frogs
  9 komodo dragons
  A yaktaur (D:15)
  4 deep elf priests (Elf:1)
  A harpy zombie (D:14)
  2 kobold demonologists (D:13)
  A tengu conjurer (D:15)
  10 trolls
  3 spriggan druids
  A freezing wraith (D:15)
  17 polar bears
  3 giant leeches
  3 two-headed ogres
  A hornet zombie (D:15)
  37 blink frogs
  27 slime creatures
  2 bog bodies
  A queen bee (Lair:3)
  A trapdoor spider (D:15)
  2 shadows
  2 wyverns
  4 redbacks (Lair:8)
  15 spriggans
  3 wraiths
  65 yaks
  8 hippogriffs
  2 humans (D:14)
  2 hogs (D:14)
  9 deep elf magi
  A basilisk (D:15)
  A steam dragon (D:13)
  3 hungry ghosts
  22 vampire mosquitoes
  24 swamp worms
  49 wolves
  6 deep elf fighters
  7 insubstantial wisps
  7 wargs
  Edmund (D:5)
  A mottled dragon (D:14)
  A naga (Lair:6)
  2 fire elementals (D:12)
  A soldier ant (D:12)
  19 water moccasins
  5 hell hounds
  5 sky beasts
  13 black bears
  3 swamp drakes
  2 ice beasts
  12 porcupines
  16 wasps
  A phantom (D:6)
  44 orc warriors
  17 crocodiles
  17 centaurs
  A necrophage (D:4)
  3 eyes of draining
  2 big kobolds
  13 ogres
  A brain worm (D:15)
  Blork the orc (Orc:4)
  19 giant frogs
  A wyvern zombie (D:14)
  7 gnoll sergeants (Bailey)
  31 killer bees
  10 wights
  5 scorpions
  5 crimson imps
  A quasit (D:13)
  26 orc priests
  An electric eel (Lair:1)
  Crazy Yiuf (D:3)
  6 centaur zombies
  A giant frog skeleton (D:7)
  8 jellies
  6 gnoll shamans
  15 hounds
  18 iguanas
  Jessica (D:3)
  32 orc wizards
  12 worker ants
  3 killer bee zombies
  12 sheep
  A hound skeleton (D:8)
  A hound zombie (D:7)
  Robin (D:3)
  16 adders
  16 gnolls
  A worker ant zombie (D:7)
  65 river rats
  2 shadow imps
  4 oozes
  An adder skeleton (D:5)
  An adder zombie (D:10)
  15 worms
  5 giant geckos
  170 orcs
  3 ball pythons
  9 bats
  7 giant cockroaches
  16 goblins
  7 hobgoblins
  3 jackals (D:6)
  16 kobolds
  8 quokkas
  A giant gecko zombie (D:6)
  A giant newt (D:2)
  A quokka skeleton (D:6)
  5 rats
  A briar patch (Swamp:1)
  2 bushes (Lair:4)
  45 fungi
  47 plants
1399 creatures vanquished.

Vanquished Creatures (collateral kills)
  2 hydras
  A centaur warrior (D:13)
  A manticore (D:13)
  A trapdoor spider (D:13)
  A gnoll sergeant (Bailey)
  A gnoll shaman (Bailey)
  4 gnolls (Bailey)
  An orc (Orc:4)
12 creatures vanquished.

Vanquished Creatures (others)
  A hydra (Swamp:4)
  The ghost of kae the Fencer, a novice MiFi of Qazlal (D:8)
  An orc sorcerer (Orc:4)
  2 orc knights
  An elephant (Lair:8)
  A komodo dragon (Lair:7)
  A black mamba (Lair:8)
  2 spiny frogs
  A boulder beetle (Lair:7)
  A human (D:14)
  A yak (D:12)
  A warg (Orc:3)
  3 insubstantial wisps (Swamp:4)
  A swamp drake (Swamp:4)
  A wolf (Lair:8)
  3 orc warriors
  A wasp (Lair:8)
  2 orc wizards
  3 orcs
  A kobold (D:8)
  8 briar patches
  28 fungi
  9 plants
  3 toadstools (Swamp:1)
77 creatures vanquished.

Grand Total: 1488 creatures vanquished

Notes
Turn   | Place    | Note
--------------------------------------------------------------
     0 | D:1      | kae the Minotaur Fighter began the quest for the Orb.
     0 | D:1      | Reached XP level 1. HP: 19/19 MP: 0/0
    90 | D:1      | Reached XP level 2. HP: 26/26 MP: 1/1
   445 | D:1      | Reached skill level 4 in Long Blades
   716 | D:1      | Reached XP level 3. HP: 31/31 MP: 2/2
  1169 | D:2      | Found a sacrificial altar of Ru.
  1177 | D:2      | Reached skill level 5 in Long Blades
  1177 | D:2      | Reached XP level 4. HP: 32/39 MP: 3/3
  1461 | D:2      | Reached skill level 6 in Long Blades
  1522 | D:2      | Found a shimmering altar of Xom.
  1821 | D:2      | Reached XP level 5. HP: 45/45 MP: 4/4
  2075 | D:3      | Noticed Jessica
  2075 | D:3      | Noticed Robin
  2080 | D:3      | Killed Jessica
  2096 | D:3      | Reached skill level 7 in Long Blades
  2110 | D:3      | Killed Robin
  2258 | D:3      | Reached skill level 8 in Long Blades
  2258 | D:3      | Reached XP level 6. HP: 43/51 MP: 5/5
  2459 | D:3      | Noticed Crazy Yiuf
  2463 | D:3      | Killed Crazy Yiuf
  2685 | D:4      | Found Budef's Armour Boutique.
  2857 | D:4      | Found a viscous altar of Jiyva.
  2870 | D:4      | Reached skill level 9 in Long Blades
  2971 | D:4      | Found an iron altar of Okawaru.
  3057 | D:4      | Reached XP level 7. HP: 55/57 MP: 6/6
  3119 | D:4      | Found a white marble altar of Elyvilon.
  3124 | D:4      | Found a glowing silver altar of Zin.
  3192 | D:4      | Reached skill level 10 in Long Blades
  3416 | D:5      | Entered Level 5 of the Dungeon
  4078 | D:5      | Reached skill level 11 in Long Blades
  4123 | D:5      | Found a shadowy altar of Dithmenos.
  4221 | D:5      | Noticed Edmund
  4249 | D:5      | Killed Edmund
  4249 | D:5      | Reached XP level 8. HP: 41/62 MP: 7/7
  4570 | D:5      | Found a staircase to the Ecumenical Temple.
  4648 | Temple   | Entered the Ecumenical Temple
  5064 | D:6      | Reached skill level 12 in Long Blades
  5497 | D:6      | Found an opulent altar of Gozag.
  5538 | D:6      | Found Ziplilos's Weapon Boutique.
  5558 | D:6      | Reached skill level 13 in Long Blades
  6013 | D:7      | Found an ancient bone altar of Kikubaaqudgha.
  6295 | D:7      | Got a jewelled scale mail
  6306 | D:7      | Identified the +4 scale mail of the Sunfish {*Corrode MP+9 Str+4} (You found it on level 7 of the Dungeon)
  6357 | D:7      | Reached XP level 9. HP: 63/68 MP: 8/8
  6592 | D:7      | Reached skill level 14 in Long Blades
  6743 | D:7      | Found a burning altar of Makhleb.
  6958 | D:8      | Noticed a hill giant
  7070 | D:8      | Got a faintly glowing copper amulet
  7114 | D:8      | Found a shimmering altar of Xom.
  7127 | D:8      | Found a basalt altar of Yredelemnul.
  7138 | D:8      | Noticed kae's ghost (novice MiFi)
  7534 | D:8      | Found a bloodstained altar of Trog.
  7912 | D:8      | Killed a hill giant
  7912 | D:8      | Reached skill level 15 in Long Blades
  8202 | D:8      | Killed kae's ghost
  8202 | D:8      | Reached skill level 16 in Long Blades
  8202 | D:8      | Reached XP level 10. HP: 49/75 MP: 9/9
  8398 | D:9      | Found a deep blue altar of Sif Muna.
  8412 | D:9      | Found a staircase to the Lair.
  8556 | D:9      | Found a stormy altar of Qazlal.
  8576 | D:9      | Became a worshipper of Qazlal Stormbringer
  8595 | D:9      | Found a flagged portal.
  8602 | Bailey   | Entered a bailey
  8800 | Bailey   | Reached * piety under Qazlal
  8800 | Bailey   | Reached skill level 5 in Fighting
  9685 | D:9      | Found a basalt altar of Yredelemnul.
  9705 | D:9      | Noticed a griffon
  9718 | D:9      | Killed a griffon
  9721 | D:9      | Identified the amulet of Yqyig {rMut Str+3 Stlth+} (You found it on level 8 of the Dungeon)
  9726 | D:9      | Gained mutation: Your spells are a little harder to cast, but a little more powerful. [potion of beneficial mutation]
  9727 | D:9      | Gained mutation: You are partially covered in rough black scales (AC +4, Dex -1). [potion of beneficial mutation]
  9773 | D:9      | Noticed Erolcha
  9783 | D:9      | Killed Erolcha
  9958 | Lair:1   | Entered Level 1 of the Lair of Beasts
 10023 | Lair:1   | Noticed Joseph
 10150 | Lair:1   | Killed Joseph
 10150 | Lair:1   | Reached skill level 10 in Fighting
 10178 | Lair:1   | Noticed Sonja
 10572 | D:10     | Entered Level 10 of the Dungeon
 10703 | D:10     | Reached XP level 11. HP: 99/99 MP: 10/10
 10857 | D:10     | Reached ** piety under Qazlal
 11210 | D:10     | Noticed a centaur warrior
 11224 | D:10     | Killed a centaur warrior
 11314 | D:10     | Found a staircase to the Orcish Mines.
 11559 | Lair:1   | Killed Sonja
 11836 | Lair:1   | Noticed Urug
 11849 | Lair:1   | HP: 3/105 [Urug/wand of lightning (17)]
 11863 | Lair:1   | Noticed Nergalle
 12569 | Lair:1   | Reached skill level 1 in Invocations
 12689 | Lair:2   | Got a polished scale mail
 12728 | Lair:2   | Reached *** piety under Qazlal
 13185 | Lair:2   | Reached XP level 12. HP: 117/117 MP: 14/14
 13196 | Lair:2   | Reached skill level 5 in Invocations
 13247 | Lair:2   | Noticed a six-headed hydra
 13254 | Lair:2   | Killed a six-headed hydra
 13659 | Lair:2   | Got a twisted ring mail
 13670 | Lair:2   | Identified the +3 ring mail "Ypos" {rC+ Dex+7} (You found it on level 2 of the Lair of Beasts)
 13680 | Lair:2   | Identified the +1 scale mail "Gasid" {rN+ Regen+ Dex+2 Stlth+} (You found it on level 2 of the Lair of Beasts)
 13862 | Lair:1   | Killed Urug
 13880 | Lair:1   | Killed Nergalle
 14325 | Lair:3   | Noticed a six-headed hydra
 14334 | Lair:3   | Killed a three-headed hydra
 15221 | Lair:3   | Reached skill level 10 in Invocations
 16128 | Lair:4   | Noticed a five-headed hydra
 16135 | Lair:4   | Killed a five-headed hydra
 16234 | Lair:4   | Reached **** piety under Qazlal
 16333 | Lair:4   | Reached XP level 13. HP: 124/124 MP: 20/20
 17290 | Lair:5   | Reached skill level 5 in Armour
 17379 | Lair:5   | Found a labyrinth entrance.
 17421 | Lair:5   | Found a frozen archway.
 17473 | IceCv    | Entered an ice cave
 18227 | IceCv    | Reached skill level 10 in Armour
 18246 | IceCv    | Noticed a frost giant
 18253 | IceCv    | Killed a frost giant
 19871 | Lair:6   | Found a staircase to the Swamp.
 20002 | Lair:6   | Reached XP level 14. HP: 92/132 MP: 17/22
 20096 | Lair:6   | Got a polished great sword
 20107 | Lair:6   | Identified the +2 great sword of Givuh {distort, rF+ Str+7 Int-4 SInv} (You found it on level 6 of the Lair of Beasts)
 20118 | Lair:6   | Found a viscous altar of Jiyva.
 20119 | Lair:6   | Found a staircase to the Slime Pits.
 20134 | Lair:6   | Found a staircase to the Snake Pit.
 20364 | Lair:7   | Reached ***** piety under Qazlal
 21045 | Lair:8   | Entered Level 8 of the Lair of Beasts
 21172 | Lair:8   | Found a sacrificial altar of Ru.
 21198 | Lair:8   | Reached skill level 15 in Armour
 22362 | Lair:8   | Reached skill level 17 in Armour
 23132 | Orc:1    | Entered Level 1 of the Orcish Mines
 23381 | Orc:1    | Found Wulyibit's Food Shoppe.
 24092 | Orc:3    | Noticed an orc warlord
 24102 | Orc:3    | Reached ****** piety under Qazlal
 24106 | Orc:3    | Killed an orc warlord
 24106 | Orc:3    | Reached XP level 15. HP: 101/138 MP: 23/23
 24159 | Orc:3    | Noticed an orc warlord
 24608 | Orc:3    | Found a staircase to the Elven Halls.
 25061 | Orc:3    | Banished an orc warlord
 25166 | Orc:4    | Entered Level 4 of the Orcish Mines
 25211 | Orc:4    | Noticed Maurice
 25216 | Orc:4    | Killed Maurice
 25418 | Orc:4    | Reached skill level 18 in Long Blades
 25438 | Orc:4    | Noticed Blork the orc
 25453 | Orc:4    | Killed Blork the orc
 25689 | Orc:4    | Paralysed by an orc sorcerer for 4 turns
 25911 | Orc:4    | Found a roughly hewn altar of Beogh.
 25926 | Orc:4    | Found Kelior's Antique Weapon Shoppe.
 25944 | Orc:4    | Found Pugg's Book Shoppe.
 26005 | Orc:4    | Found Pilest's General Store.
 26011 | Orc:4    | Bought a scroll of identify for 32 gold pieces
 26099 | Orc:4    | Found Muyddum's Antique Armour Shoppe.
 26289 | Orc:4    | Bought a pair of embroidered gloves for 108 gold pieces
 26310 | Orc:4    | Bought a crude scimitar for 207 gold pieces
 26326 | Orc:4    | Bought a bronze scale mail for 216 gold pieces
 26326 | Orc:4    | Bought a bloodstained ring mail for 216 gold pieces
 26336 | Orc:4    | Identified the +1 scale mail of Pantheism {*Confuse rN+ Int+2 SInv} (You bought it in a shop on level 4 of the Orcish Mines)
 26346 | Orc:4    | Identified the cursed +0 ring mail "Ygacw" {MR++} (You bought it in a shop on level 4 of the Orcish Mines)
 26346 | Orc:4    | Identified the +1 scimitar "Osua" {venom, rC++ rN+ MP-9 Dex+3} (You bought it in a shop on level 4 of the Orcish Mines)
 26743 | D:11     | Noticed Fannar
 26761 | D:11     | Gained mutation: Your muscles are strong. (Str +2) [potion of beneficial mutation]
 26925 | D:11     | Killed Fannar
 27446 | D:12     | Reached skill level 19 in Long Blades
 27486 | D:12     | Noticed Azrael
 27506 | D:12     | Banished Azrael
 28464 | D:13     | You fall through a shaft!
 28464 | D:14     | Noticed Kirke
 28466 | D:14     | Reached skill level 20 in Long Blades
 28469 | D:14     | Killed Kirke
 28805 | D:14     | Reached XP level 16. HP: 129/146 MP: 24/24
 28873 | D:14     | Found a gate to the Vaults.
 29028 | D:15     | Entered Level 15 of the Dungeon
 29047 | D:15     | Identified a scroll of acquirement
 29048 | D:15     | Got a pitted triple sword
 29049 | D:15     | Identified the +8 triple sword of the Hidden Spirits {freeze, Str+7} (You acquired it on level 15 of the Dungeon)
 29176 | D:15     | Reached skill level 21 in Long Blades
 29649 | D:15     | Found a staircase to the Depths.
 30604 | Elf:1    | Entered Level 1 of the Elven Halls
 30793 | Elf:1    | Reached skill level 22 in Long Blades
 31458 | Elf:1    | Found Doal's General Store.
 32298 | Swamp:1  | Entered Level 1 of the Swamp
 32496 | Swamp:1  | Reached skill level 23 in Long Blades
 32799 | Swamp:1  | Paralysed by a hornet for 2 turns
 33153 | Swamp:2  | Reached XP level 17. HP: 138/152 MP: 13/25
 33160 | Swamp:2  | Noticed Roxanne
 34426 | Swamp:2  | Upgraded the game from 0.17-a0-2231-gd80ca38 to 0.18-a0-1-gfac8111
 34547 | Swamp:3  | HP: 7/152 [thorn hunter/volley of thorns (25)]
 34558 | Swamp:3  | Reached skill level 24 in Long Blades
 35781 | Swamp:4  | Entered Level 4 of the Swamp
 35817 | Swamp:4  | Noticed Louise
 36079 | Swamp:4  | Killed Louise
 36144 | Swamp:4  | HP: 8/228 [shambling mangrove (6)]
 36145 | Swamp:4  | Slain by an alligator

Vault maps used:
D:1:      minmay_arrival_glassed_features, roderic_bipointed_swastika
D:2:      nicolae_ru_great_annihilating_truth, marbit_many_paths,
          serial_corexii_hall, corexii_hall_statues_s, corexii_hall_statues_i
D:3:      kennysheep_six_static_rooms, first_bread,
          minmay_misc_feat_more_columns, kennysheep_generic_room_9,
          uniq_jessica, uniq_robin, uniq_crazy_yiuf_cottage
D:4:      okawaru_gym_becter, minitemple, serial_shops, nicolae_shop_crystal,
          grunt_decor_mini_mirrors, jiyva_altar_1
D:5:      lemuel_doored_altar, temple_hall, kennysheep_generic_room_8,
          uniq_edmund
D:6:      nicolae_gozag_cash_rules_everything_around_me, serial_shops,
          nicolae_shop_temple_entry_statues_fountains
D:7:      lemuel_round_altar, kennysheep_mini
D:8:      old_standard_altar, yredelemnul_altar_generic, basic_altar
D:9:      grunt_qazlal_clouds, overflow_temple_1_default, lair_0_dummy,
          basic_altar, enter_bailey_3, uniq_erolcha
D:10:     erik_orc_1
D:11:     worms_lemuel, uniq_fannar
D:12:     uniq_azrael
D:14:     david_vaults_5, uniq_kirke
D:15:     grunt_enter_depths_snipers, dk_noncrumbling_4
Temple:   hc_temple_tempest_star_small
Lair:1:   infiniplex_staircase_pool, uniq_joseph, uniq_sonja, uniq_urug,
          uniq_nergalle
Lair:2:   small_statue_intersection
Lair:3:   special_room, serial_bayou_pond_e, serial_bayou_pond_c
Lair:4:   nicolae_quartered_pool_super, minmay_lair_oklob_bushes
Lair:5:   lab_entry_generic, portal_ice_cave_entry_pillars_02,
          serial_bayou_pond_a
Lair:6:   swamp_mist, guppyfry_snake_entry_island,
          dpeg_slime_entry_enclosed_altar, grunt_megastairs_3
Lair:7:   grunt_megastairs_4, serial_bayou_shore_a
Lair:8:   minmay_lair_end_enchanted_forest, basic_altar, serial_bayou_shore_b
Swamp:1:  cheibrodos_swamp_tower_of_moss, evilmike_swamp_ruin_house_6
Swamp:2:  serial_swamp_ruin, evilmike_swamp_ruin_rubble_1,
          evilmike_swamp_ruin_rubble_2, evilmike_swamp_ruin_house_3,
          swamp_pool3, nicolae_swamp_feature_on_the_river_bank, uniq_roxanne
Swamp:3:  evilmike_swamp_ruin_house_2
Swamp:4:  swamp_alternative, uniq_louise
Orc:1:    serial_shops, shop
Orc:3:    nicolae_orc_pool_cavern, minmay_orc_treasury
Orc:4:    grunt_orc_cross, uniq_maurice
Elf:1:    minmay_elf_arrival_circle, special_room, serial_shops, shop,
          hangedman_corner_corridor
Bailey:   bailey_polearm_gnolls_kennysheep, bailey
IceCv:    ice_cave_small_giant

Action                   |  1- 3 |  4- 6 |  7- 9 | 10-12 | 13-15 | 16-18 || total
-------------------------+-------+-------+-------+-------+-------+-------++-------
Melee: Long sword        |    74 |   181 |   414 |   838 |   422 |       ||  1929
       Great sword       |       |       |       |       |  1043 |    44 ||  1087
       Triple sword      |       |       |       |       |       |   462 ||   462
 Fire: Hunting sling     |       |       |    10 |       |       |       ||    10
Invok: Upheaval          |       |       |       |    11 |    23 |    37 ||    71
       Elemental Force   |       |       |       |       |     2 |     5 ||     7
Evoke: Wand              |       |       |     3 |     9 |       |     8 ||    20
  Use: Potion            |       |       |     4 |     6 |     3 |     6 ||    19
       Scroll            |       |       |    13 |    13 |    11 |    12 ||    49
 Stab: Paralysed         |       |     2 |       |       |       |       ||     2
       Invisible         |       |       |     7 |     2 |    11 |       ||    20
       Distracted        |       |       |       |       |     1 |       ||     1
  Eat: Chunk             |     1 |     6 |    16 |    26 |    39 |    12 ||   100
       Fruit             |       |       |     1 |     1 |       |     1 ||     3
       Pizza             |       |       |       |       |     1 |       ||     1
       Meat ration       |       |       |       |       |       |     2 ||     2
       Bread ration      |       |       |       |       |       |     1 ||     1
